 Dungeon Crawl Stone Soup version 0.23-a0-241-g3b46b07 (webtiles) character file.

3801 galech the Cleaver (level 9, -4/71 HPs)
             Began as a Demonspawn Fighter on Sept 27, 2018.
             Was an Elder of Okawaru.
             Slain by a killer bee (6 damage)
             ... on level 8 of the Dungeon.
             The game lasted 00:08:12 (7332 turns).

galech the Cleaver (Demonspawn Fighter)             Turns: 7332, Time: 00:08:13

Health: -4/71      AC: 12    Str: 16    XL:     9   Next: 96%
Magic:  8/9        EV:  9    Int: 11    God:    Okawaru [****..]
Gold:   435        SH: 10    Dex: 15    Spells: 8/8 levels left

rFire    + . .     SeeInvis .   a - +0 war axe
rCold    + . .     Gourm    .   c - +0 shield
rNeg     . . .     Faith    .   w - +1 scale mail {rF+}
rPois    +         Spirit   .   m - +0 helmet
rElec    .         Reflect  .   (no cloak)
rCorr    .         Harm     .   (no gloves)
MR       .....                  (no boots)
Stlth    +.........             C - amulet of the acrobat
HPRegen  0.21/turn              y - ring of poison resistance
MPRegen  0.11/turn              D - ring of stealth

@: lethally poisoned (-4 -> -7)
A: talons 2, slimy green scales 1, cold resistance 1
a: Heroism, Renounce Religion


You were on level 8 of the Dungeon.
You worshipped Okawaru.
Okawaru was greatly pleased with you.
You were not hungry.

You visited 1 branch of the dungeon, and saw 8 of its levels.

You collected 435 gold pieces.

Inventory:

Hand Weapons
 a - a +0 war axe (weapon)
 e - a +0 short sword of draining
Armour
 c - a +0 shield (worn)
 m - a +0 helmet (worn)
 w - a +1 scale mail of fire resistance (worn)
Jewellery
 y - a ring of poison resistance (left hand)
 C - an amulet of the acrobat (around neck)
 D - a ring of stealth (right hand)
Wands
 t - a wand of polymorph (2)
 F - a wand of disintegration (5)
 G - a wand of paralysis (16)
Scrolls
 b - a scroll of fear
 h - a scroll of immolation
 i - 3 scrolls of blinking
 q - 2 scrolls of magic mapping
 s - 4 scrolls of teleportation
 u - 2 scrolls of fog
 x - 3 scrolls of amnesia {unknown}
 A - 2 scrolls of enchant weapon {unknown}
 B - a scroll of remove curse {unknown}
 H - a scroll of enchant armour {unknown}
Potions
 d - 4 potions of might
 g - 4 potions of degeneration {unknown}
 j - a potion of flight {unknown}
 k - 2 potions of agility {unknown}
 n - a potion of brilliance {unknown}
 o - 2 potions of curing {unknown}
 p - 4 potions of heal wounds {unknown}
 r - 2 potions of lignification {unknown}
 v - a potion of magic {unknown}
 z - 2 potions of cancellation {unknown}
Comestibles
 f - 22 rations
 E - 3 chunks of flesh


   Skills:
 + Level 6.5 Fighting
 + Level 8.8 Axes
 + Level 6.7 Armour
 + Level 3.1 Dodging
 + Level 0.9 Stealth
 + Level 5.2 Shields
 + Level 0.2 Invocations


You had 8 spell levels left.
You didn't know any spells.
Your spell library contained the following spells:

 Spells                   Type           Power        Failure   Level  Hunger
 Magic Dart               Conj           #...         99%         1    ##.....
 Sandblast                Erth           #.....       99%         1    ##.....
 Blink                    Tloc           N/A          99%         2    ###....
 Call Imp                 Summ           #.......     99%         2    ###....
 Passwall                 Tmut/Erth      #.......     99%         2    ###....
 Slow                     Hex            #.......     99%         2    ###....
 Conjure Flame            Conj/Fire      #.......     100%        3    ####...
 Mephitic Cloud           Conj/Pois/Air  #.......     100%        3    ####...
 Stone Arrow              Conj/Erth      #.....       100%        3    ####...
 Petrify                  Tmut/Erth      #.......     100%        4    #####..
 Lee's Rapid Deconstruct  Erth           #.........   100%        5    ######.


Dungeon Overview and Level Annotations

Branches:
Dungeon (8/15)             Temple (0/1) D:4
   Lair: D:8-11

Altars:
Ashenzari
Dithmenos
Elyvilon
Fedhas
Gozag
Kikubaaqudgha
Okawaru
Qazlal
Sif Muna
Trog
Vehumet
Wu Jian
Yredelemnul

Annotations:
D:7 2 runed doors, mhoghedin's ghost, novice CeHu


Innate Abilities, Weirdness & Mutations

You have razor-sharp toenails.
You are partially covered in slimy green scales. (AC +2)
Your flesh is cold resistant. (rC+)


Message History

You hit the killer bee but do no damage.
You feel sick. The killer bee closely misses you.
You block the killer bee's attack. The killer bee barely misses you.
You block the killer bee's attack.
You hit the killer bee. Your kick misses the killer bee.
The killer bee is heavily wounded.
You miss the killer bee. You block the killer bee's attack.
The killer bee closely misses you. The killer bee stings you!
* * * LOW HITPOINT WARNING * * *
The killer bee barely misses you.
Unknown command.
Your shield and scale mail prevent you from hitting the killer bee.
Your kick misses the killer bee.
The killer bee is moderately wounded.
You closely miss the killer bee.
* * * LOW HITPOINT WARNING * * *
You feel sick. You block the killer bee's attack. The killer bee stings you.
* * * LOW HITPOINT WARNING * * *
The killer bee stings you.
You die...

#........#.##.#.# #..
##..........##.#.# #..
#................# #..
#................###..
#...........#.........
#.....................
#.###............#.#..
#.########..##.#.#....
#...)@yY....##.#......
######y.....##.###....
#................
#......##.###...#
#......# #......
#......# #.....#
#......# ........
####..>..........
.............


You could see an ice beast and 2 killer bees.

Vanquished Creatures
  A two-headed ogre (D:8)
  A spriggan (D:7)
  5 yaks
  An ice beast (D:6)
  A black bear (D:8)
  2 sky beasts (D:7)
  An ogre (D:2)
  4 centaurs
  5 bullfrogs
  A wyvern skeleton (D:6)
  2 scorpions
  4 killer bees (D:8)
  A howler monkey (D:4)
  4 crimson imps
  3 jellies
  A centaur skeleton (D:6)
  3 orc priests (D:7)
  2 iguanas
  3 worker ants
  5 orc wizards
  A killer bee zombie (D:5)
  Robin (D:1)
  9 adders
  6 worms
  4 leopard geckos
  21 orcs
  11 bats
  2 giant cockroaches (D:4)
  13 goblins
  13 hobgoblins
  8 jackals
  2 quokkas
  A ball python (D:3)
  5 frilled lizards
  2 jackal zombies (D:5)
  8 kobolds
  3 quokka skeletons
  5 rats
165 creatures vanquished.

Vanquished Creatures (others)
  2 adders (D:4)
2 creatures vanquished.

Grand Total: 167 creatures vanquished

Notes
Turn   | Place    | Note
-------+----------+-------------------------------------------
     0 | D:1      | galech the Demonspawn Fighter began the quest for the Orb.
     0 | D:1      | Reached XP level 1. HP: 18/18 MP: 1/1
    93 | D:1      | Gained mutation: You are partially covered in slimy green
                  | scales. (AC +2) [demonic ancestry]
    93 | D:1      | Reached XP level 2. HP: 24/24 MP: 2/2
   181 | D:1      | Reached skill level 2 in Axes
   638 | D:1      | Gained mutation: Your flesh is cold resistant. (rC+)
                  | [demonic ancestry]
   638 | D:1      | Reached XP level 3. HP: 25/29 MP: 3/3
   756 | D:2      | Noticed Robin
   868 | D:1      | Killed Robin
   940 | D:2      | Found an ornate altar of the Wu Jian Council.
   948 | D:2      | Gained mutation: You have sharp toenails. [demonic
                  | ancestry]
   948 | D:2      | Reached XP level 4. HP: 31/35 MP: 4/4
  1248 | D:2      | Reached skill level 3 in Axes
  1413 | D:2      | Noticed an ogre
  1418 | D:2      | Killed an ogre
  1418 | D:2      | Reached XP level 5. HP: 42/42 MP: 5/5
  1426 | D:2      | Found a shattered altar of Ashenzari.
  1542 | D:2      | Found a shattered altar of Ashenzari.
  1542 | D:2      | Found an iron altar of Okawaru.
  1543 | D:2      | Found a radiant altar of Vehumet.
  1554 | D:2      | Became a worshipper of Warmaster Okawaru
  1599 | D:2      | Found an ancient bone altar of Kikubaaqudgha.
  1601 | D:2      | Found a blossoming altar of Fedhas.
  1880 | D:3      | Reached skill level 1 in Dodging
  2500 | D:4      | Found a staircase to the Ecumenical Temple.
  2558 | D:4      | Reached XP level 6. HP: 47/48 MP: 6/6
  2588 | D:4      | Reached skill level 4 in Axes
  2668 | D:4      | Found an opulent altar of Gozag.
  3068 | D:5      | Entered Level 5 of the Dungeon
  3129 | D:5      | Found a stormy altar of Qazlal.
  3218 | D:5      | Reached XP level 7. HP: 31/55 MP: 7/7
  3585 | D:5      | Reached * piety under Okawaru
  4089 | D:6      | Found a shadowy altar of Dithmenos.
  4140 | D:6      | Reached skill level 5 in Fighting
  4224 | D:6      | Reached skill level 5 in Axes
  4584 | D:6      | Gained mutation: You have razor-sharp toenails. [demonic
                  | ancestry]
  4584 | D:6      | Reached XP level 8. HP: 19/62 MP: 8/8
  4942 | D:6      | Reached ** piety under Okawaru
  5166 | D:7      | Reached skill level 5 in Armour
  5176 | D:7      | Reached skill level 6 in Axes
  5723 | D:7      | Reached *** piety under Okawaru
  5723 | D:7      | Reached skill level 7 in Axes
  5723 | D:7      | Reached XP level 9. HP: 55/69 MP: 9/9
  5977 | D:7      | Found a large runed door.
  5978 | D:7      | Found a large runed door.
  5981 | D:7      | Noticed mhoghedin's ghost (novice CeHu)
  6027 | D:7      | Reached skill level 5 in Shields
  6238 | D:7      | Found a bloodstained altar of Trog.
  6511 | D:7      | Found a basalt altar of Yredelemnul.
  6580 | D:7      | Found a white marble altar of Elyvilon.
  6811 | D:7      | Found a deep blue altar of Sif Muna.
  6976 | D:8      | Reached skill level 8 in Axes
  6979 | D:8      | Reached **** piety under Okawaru
  7192 | D:8      | Noticed a two-headed ogre
  7203 | D:8      | Killed a two-headed ogre
  7332 | D:8      | HP: 2/71 [killer bee (2)]
  7332 | D:8      | Slain by a killer bee

Vault maps used:
D:1:      dpeg_arrival_tiny_f
D:2:      grunt_temple_overflow_growth_and_decay, marbit_many_paths,
          gammafunk_temple_overflow_claw, ashenzari_altar_1, uniq_robin
D:4:      overflow_temple_1_default, minmay_temple_entry_crystal_x,
          first_ration, lemuel_flame_loot_1
D:5:      old_standard_altar
D:6:      lemuel_round_altar, serial_glass, glass_columns_c, glass_columns_a
D:7:      kennysheep_ying_yang, tgw_sif, lemuel_round_altar,
          ebering_ghost_disaster_area, the_bakery, serial_bayou_pond_d
D:8:      glass_columns_a

Skill      XL: |  1  2  3  4  5  6  7  8  9 |
---------------+----------------------------+-----
Axes           | 2 3 4 5 7 8 |  8.8
Armour         | 3 4 5 6 |  6.7
Shields        | 3 4 5 |  5.2
Dodging        | 1 2 3 |  3.1
Fighting       | 4 5 6 |  6.5
Stealth        | |  0.9
Invocations    | |  0.2

Action                   |  1- 3 |  4- 6 |  7- 9 || total
-------------------------+-------+-------+-------++-------
Melee: War axe           |   116 |   183 |   349 ||   648
       Kick              |       |    55 |    94 ||   149
Invok: Heroism           |       |       |     2 ||     2
  Use: Scroll            |       |       |     6 ||     6
  Eat: Chunk             |       |     8 |    10 ||    18
       Ration            |       |       |     1 ||     1
Armor: Scale mail        |    82 |    93 |   186 ||   361
Dodge: Dodged            |    50 |    59 |   121 ||   230
Block: Shield            |    87 |    91 |   161 ||   339

Table legend:
 A = Non-vault XP
 B = Vault XP
 C = Vault XP percentage of total XP
 D = Non-vault monster count
 E = Vault monster count
 F = Vault count percentage of total count
                 A         B        C        D         E       F
            +---------+---------+-------+---------+---------+-------
      Total |    5173 |     257 |   4.7 |     150 |      15 |   9.1
            +---------+---------+-------+---------+---------+-------
        D:1 |      43 |      27 |  38.6 |      24 |       7 |  22.6
        D:2 |     196 |      15 |   7.1 |      17 |       7 |  29.2
        D:3 |      74 |       0 |   0.0 |      26 |       0 |   0.0
        D:4 |     247 |       0 |   0.0 |      13 |       0 |   0.0
        D:5 |     328 |       0 |   0.0 |      15 |       0 |   0.0
        D:6 |    1002 |       0 |   0.0 |      18 |       0 |   0.0
        D:7 |    1657 |     215 |  11.5 |      23 |       1 |   4.2
        D:8 |    1626 |       0 |   0.0 |      14 |       0 |   0.0
            +---------+---------+-------+---------+---------+-------
